 Dungeon Crawl Stone Soup version 0.32-a0-685-g93135e86f0 (webtiles) character file.

Game seed: 9201677610076668326

57 senseless the Charlatan (level 4, -6/33 HPs)
             Began as a Coglin Artificer on Mar 12, 2024.
             Mangled by a gnoll
             ... wielding a +0 flail
              (8 damage)
             ... on level 2 of the Dungeon.
             The game lasted 00:03:49 (974 turns).

senseless the Charlatan (Coglin Artificer)           Turns: 974, Time: 00:03:50

Health: -6/33      AC:  4    Str: 14    XL:     4   Next: 0%
Magic:  4/4        EV: 12    Int: 10    God:
Gold:   19         SH:  0    Dex: 15    Spells: 3/3 levels left

rFire   . . .        a - +0 club {Kanlaya}
rCold   . . .        h - +0 mace {Yashnoor}
rNeg    . . .        b - +0 leather armour
rPois   .            (no helmet)
rElec   .            (no cloak)
rCorr   .            i - +0 pair of gloves
SInv    .            (no boots)
Will    .....        (amulet unavailable)
Stlth   +            (ring unavailable)
HPRegen 0.25/turn    (ring unavailable)
MPRegen 0.09/turn    (no gizmo)

%: no passive effects
@: revved
A: off-hand wielding, slow wielding, warmup strikes, no jewellery
a: Invent Gizmo


You were on level 2 of the Dungeon.
You visited 1 branch of the dungeon, and saw 2 of its levels.

You collected 59 gold pieces.
You spent 40 gold pieces at shops.

Inventory:

Hand Weapons
 a - a +0 club (weapon) {Kanlaya}
 f - a +0 dagger {Kanchana}
 h - a +0 mace (offhand) {Yashnoor}
Armour
 b - a +0 leather armour (worn)
 i - a +0 pair of gloves (worn)
 o - a +0 ring mail
Wands
 c - a wand of flame (13) (quivered)
 d - a wand of charming (15)
 e - a wand of iceblast (5)
Scrolls
 g - a scroll of teleportation {unknown}
 l - 2 scrolls of identify {unknown}
 p - a scroll of poison {unknown}
Potions
 j - a potion of mutation {unknown}
 k - a potion of magic {unknown}
 m - a potion of lignification {unknown}
 n - a potion of curing


   Skills:
 + Level 2.0 Fighting
 + Level 2.4 Armour
 + Level 1.7 Dodging
 - Level 0.7 Stealth
 + Level 4.6 Evocations


You had 3 spell levels left.
You didn't know any spells.
Your spell library contained the following spells:

 Spells                   Type           Power      Damage    Failure   Level
 Lesser Beckoning         Tloc           0%         N/A       56%         2
 Gell's Gravitas          Tloc           0%         N/A       80%         3
 Stone Arrow              Conj/Erth      0%         3d7       80%         3
 Teleport Other           Tloc           0%         N/A       80%         3
 Animate Armour           Summ/Erth      0%         N/A       99%         4
 Lehudib's Crystal Spear  Conj/Erth      0%         10d2      100%        8


Dungeon Overview and Level Annotations

Branches:
Dungeon (2/15)

Altars:

Shops:
D:1 *(*!


Innate Abilities, Weirdness & Mutations

You can wield a second weapon in your off-hand.
It takes a long time for you to wield or remove held weapons.
Your first few attacks do less damage.
You cannot equip rings or amulets.


Message History

You kill the gnoll!
The gnoll hits you with a +0 whip.
You closely miss the gnoll with your +0 club.
You hit the gnoll with your +0 mace. The gnoll closely misses you.
The gnoll shouts!
You hit the gnoll with your +0 mace.
The gnoll is moderately wounded.
You barely miss the gnoll with your +0 club.
The gnoll barely misses you.
You hit the gnoll with your +0 club.
The gnoll is heavily wounded.
You barely miss the gnoll with your +0 mace.
The gnoll barely misses you. The gnoll hits you with a +0 whip.
You barely miss the gnoll with your +0 club.
The gnoll is heavily wounded.
You closely miss the gnoll with your +0 mace.
The gnoll hits you with a +0 whip.
You hit the gnoll with your +0 mace.
The gnoll is severely wounded.
You hit the gnoll with your +0 club. The gnoll closely misses you.
You hit the gnoll but do no damage.
The gnoll is almost dead.
You hit the gnoll with your +0 mace.
You kill the gnoll!
The gnoll hits you with a +0 flail!
* * * LOW HITPOINT WARNING * * *
Your Fighting skill increases to level 2!
You have reached level 4!
You feel agile.
You hit the gnoll but do no damage.
You barely miss the gnoll with your +0 club.
The gnoll barely misses you.
You hit the gnoll but do no damage.
You barely miss the gnoll with your +0 mace.
The gnoll hits you with a +0 flail.
* * * LOW HITPOINT WARNING * * *
You barely miss the gnoll with your +0 mace.
You closely miss the gnoll with your +0 club.
The gnoll hits you with a +0 flail!
You die...

........# ######
####g.....#####
#######.....
.g.g.........r.
.......^.... ####'##
######.#### #.....# #.#
#.....# #.# ## #.....#
#.###.
####'###############.#.+.
#...g@............#.#.
###################'#.
#...... ##...... #.......
#......# #.##'#.#
#....#.# ####.#..


You could see a gnoll.

Vanquished Creatures
  2 gnolls (D:2)
  An adder (D:2)
  A ball python (D:1)
  4 bats (D:1)
  4 endoplasms
  2 giant cockroaches (D:1)
  2 hobgoblins (D:1)
  2 quokkas
  2 frilled lizards (D:1)
  3 kobolds
  6 rats
29 creatures vanquished.

Notes
Turn   | Place    | Note
-------+----------+-------------------------------------------
     0 | D:1      | senseless the Coglin Artificer began the quest for the Orb.
     0 | D:1      | Reached XP level 1. HP: 15/15 MP: 1/1
     0 | D:1      | Found Hedui's General Store.
    72 | D:1      | Reached skill level 1 in Dodging
   151 | D:1      | Reached XP level 2. HP: 20/21 MP: 2/2
   341 | D:1      | Found Romef's Assorted Antiques.
   418 | D:1      | Found Tyadiehe's Weapon Boutique.
   580 | D:1      | Found Jariong's Distillery.
   589 | D:1      | Bought a potion of degeneration for 10 gold pieces
   589 | D:1      | Bought a potion of curing for 30 gold pieces
   597 | D:1      | Reached XP level 3. HP: 24/26 MP: 3/3
   972 | D:2      | Reached XP level 4. HP: 3/33 MP: 4/4
   974 | D:2      | Mangled by a gnoll

Illustrated notes

Levels and vault maps discovered:
D:1:      tarquinn_simple_flora_water_a, layout_rooms, serial_shops, shop, shop,
          nicolae_lakefront_shop, shop
D:2:      layout_basic

Skill      XL: |  1  2  3 |
---------------+----------+-----
Dodging        | 1 |  1.7
Armour         | 2 |  2.4
Fighting       | 2 |  2.0
Stealth        | |  0.7
Evocations     | |  4.6

Action                     |  1- 3 |  4- 6 || total
---------------------------+-------+-------++-------
  Melee: Club              |    91 |     3 ||    94
         Dagger            |    49 |       ||    49
         Mace              |    40 |     3 ||    43
  Evoke: Wand              |     2 |       ||     2
   Stab: Sleeping          |     1 |       ||     1
 Armour: Leather armour    |    81 |     2 ||    83
  Dodge: Dodged            |    72 |     1 ||    73

Table legend: (Time is in decaauts)
 A = Elapsed time spent in this place.
 B = Non-inter-level travel time spent in this place.
 C = Inter-level travel time spent in this place.
 D = Time resting spent in this place.
 E = Time spent auto-exploring this place.
 F = Levels seen in this place.
 G = Mean time per level.
                   A        B        C        D        E       F      G
               +--------+--------+--------+--------+--------+-----+--------+
         Total |    996 |    975 |     21 |      0 |    705 |   2 |  498.0 |
       Dungeon |    996 |    975 |     21 |      0 |    705 |   2 |  498.0 |
               +--------+--------+--------+--------+--------+-----+--------+

Top non-repeatable levels by time:
     D:1: 722 daAuts
     D:2: 274 daAuts
